 Dungeon Crawl Stone Soup version 0.16.1-14-g82efdee (webtiles) character file.

40 KarvaRausku the Cudgeler (level 3, -2/24 HPs)
             Began as a Tengu Wanderer on Apr 13, 2015.
             Was an Initiate of Okawaru.
             Killed from afar by Sigmund (4 damage)
             ... with a magic dart
             ... on level 2 of the Dungeon.
             The game lasted 00:02:37 (1281 turns).

KarvaRausku the Cudgeler (Tengu Wanderer)           Turns: 1281, Time: 00:02:37

Health: -2/24      AC: 10    Str: 12    XL:     3   Next: 50%
Magic:  4/4        EV:  0    Int: 12    God:    Okawaru [......]
Gold:   87         SH:  7    Dex: 14    Spells: 0 memorised, 2 levels left

rFire  . . .     SeeInvis .     a - +2 mace
rCold  . . .     Clarity  .     p - +0 plate armour
rNeg   . . .     SustAb   .     t - +0 shield
rPois  .         Gourm    .     (helmet restricted)
rElec  .         Spirit   .     (no cloak)
rCorr  .         Warding  .     (no gloves)
rMut   .         Stasis   .     (boots unavailable)
MR     .....                    (no amulet)
Stlth  ..........               (no ring)
                                (no ring)

@: not resistant to hostile enchantments, extremely unstealthy
A: beak, talons 3
a: Renounce Religion


You were on level 2 of the Dungeon.
You worshipped Okawaru.
Okawaru was noncommittal.
You were not hungry.

You visited 1 branch of the dungeon, and saw 2 of its levels.

You collected 87 gold pieces.

Inventory:

Hand weapons
 a - a +2 mace (weapon)
 b - a +0 falchion
 s - a +0 long sword
Armour
 d - a +0 robe
 i - a +0 ring mail
 p - a +0 plate armour (worn)
 t - a +0 shield (worn)
Scrolls
 c - 2 scrolls of teleportation
 h - 3 scrolls of identify {unknown}
 j - a scroll of blinking {unknown}
 m - a scroll of fear {unknown}
 o - 2 scrolls of remove curse {unknown}
 u - a scroll of recharging {unknown}
 v - a scroll of immolation {unknown}
Potions
 e - 3 potions of brilliance {unknown}
 g - a potion of restore abilities {unknown}
 n - 2 potions of curing {unknown}
 q - a potion of decay {unknown}
Comestibles
 f - 2 bread rations
 k - 3 slices of pizza
 l - a meat ration
 r - 5 fruits


   Skills:
 - Level 4.0 Fighting
 - Level 1.1 Long Blades
 + Level 4.1 Maces & Flails
 - Level 1.1 Throwing
 - Level 1.1 Dodging
 - Level 1.0 Shields


You had 2 spell levels left.
You didn't know any spells.

Dungeon Overview and Level Annotations

Branches:
Dungeon (2/15)

Altars:
Elyvilon
Kikubaaqudgha
Okawaru
Trog

Annotations:
D:2 Sigmund


Innate Abilities, Weirdness & Mutations

You have a beak for a mouth.
You have claws for feet.


Message History

k - 3 slices of pizza (gained 1)
Found a stone staircase leading down.
Sigmund the Dreaded comes into view.
He is wielding a scythe.
Sigmund shouts!
Sigmund zaps a wand.
The puff of flame hits you!
It is a wand of flame.
Sigmund points at you and mumbles some strange words.
The magic dart hits you!
Sigmund points at you and mumbles some strange words.
You resist with significant effort.
Sigmund zaps a wand.
The puff of flame hits you!
* * * LOW HITPOINT WARNING * * *
Sigmund mumbles some strange words.
Sigmund flickers and vanishes!
Deactivating autopickup; reactivate with Ctrl-A.
You hear a zap.
The puff of flame hits you!
* * * LOW HITPOINT WARNING * * *
There is a stone staircase leading down here.
The magic dart hits you!
You die...

##.#.#.## #.# ##...## #.#
######### ###...###
#.#####........ ........#
#.......@..@.#
###...#.###############.####.#
####.##.............# #.# .#
#.######.##.####.###.#
.###.######.##.......##{#
.##.........##..@.......#
>.#..#####..#....)...####
......# #..........##
..#.#.#####.#.......#
.##.#.##............#
.##.#.#.###.###....##
....#.#.# #......#.#
......#.###.####.#.#
#<###............#.###.#


There were no monsters in sight!

Vanquished Creatures
  A worm (D:2)
  A giant gecko (D:1)
  A ball python (D:1)
  5 bats
  A giant cockroach (D:1)
  3 goblins
  4 hobgoblins
  3 jackals (D:1)
  4 kobolds
  2 giant newts
  5 rats
30 creatures vanquished.

Notes
Turn   | Place    | Note
--------------------------------------------------------------
     0 | D:1      | KarvaRausku, the Tengu Wanderer, began the quest for the Orb.
     0 | D:1      | KarvaRausku set off with: a +2 mace, a +0 falchion, a scroll of teleportation, a +0 robe, a bread ration
     0 | D:1      | Reached XP level 1. HP: 15/15 MP: 1/1
   192 | D:1      | Reached XP level 2. HP: 20/20 MP: 3/3
   827 | D:2      | Reached XP level 3. HP: 10/24 MP: 4/4
   978 | D:2      | Found an iron altar of Okawaru.
   978 | D:2      | Found an ancient bone altar of Kikubaaqudgha.
   978 | D:2      | Found a bloodstained altar of Trog.
  1034 | D:2      | Became a worshipper of Warmaster Okawaru
  1147 | D:2      | Found a white marble altar of Elyvilon.
  1267 | D:2      | Noticed Sigmund
  1281 | D:2      | Killed from afar by Sigmund

Action                   || total
-------------------------++-------
Melee: Mace              ||    74
  Eat: Chunk             ||     1
